 Dungeon Crawl Stone Soup version 0.25-a0-855-g681bda5bb4 (webtiles) character file.

Game seed: 9097568861574960248, levelgen mode: deterministic

108 Maedhros the Charlatan (level 4, -7/28 HPs)
             Began as an Octopode Artificer on Apr 26, 2020.
             Mangled by Pikel
             ... wielding a +0 whip of electrocution
              (19 damage)
             ... on level 5 of the Dungeon.
             The game lasted 00:06:33 (1055 turns).

Maedhros the Charlatan (Octopode Artificer)         Turns: 1055, Time: 00:06:33

Health: -7/28      AC:  1    Str: 11    XL:     4   Next: 87%
Magic:  7/7        EV: 13    Int: 13    God:
Gold:   115        SH:  0    Dex: 13    Spells: 3/3 levels left

rFire    . . .     SeeInvis .   a - +0 short sword
rCold    . . .     Gourm    .   (no shield)
rNeg     . . .     Faith    .   (helmet restricted)
rPois    .         Spirit   .   (no amulet)
rElec    .         Reflect  .   (no ring)
rCorr    .         Harm     .   (no ring)
MR       .....                  (no ring)
Stlth    +++.......             (no ring)
HPRegen  0.09/turn              (no ring)
MPRegen  0.10/turn              (no ring)
                                (no ring)
                                (no ring)

@: no status effects
A: almost no armour, stealthy swim, amphibious, 8 rings, constrict 8, camouflage
1, gelatinous body 1
a: no special abilities


You were on level 5 of the Dungeon.
You were not hungry.

You visited 1 branch of the dungeon, and saw 5 of its levels.

You collected 115 gold pieces.

Inventory:

Hand Weapons
 a - a +0 short sword (weapon)
 k - a +2 hunting sling
 o - a +0 hunting sling
Missiles
 e - 25 stones (quivered)
Wands
 b - a wand of flame (15)
 c - a wand of enslavement (8)
 d - a wand of random effects (10)
Scrolls
 g - a scroll of random uselessness {unknown}
 h - a scroll of fear {unknown}
 i - 2 scrolls of identify
 j - a scroll of remove curse {unknown}
 m - a scroll of teleportation {unknown}
 q - 2 scrolls of noise {unknown}
 r - a scroll of amnesia
Potions
 l - a potion of flight {unknown}
 n - a potion of brilliance {unknown}
 p - a potion of mutation {unknown}
 s - a potion of might {unknown}
 u - a potion of heal wounds {unknown}
 v - a potion of cancellation {unknown}
Comestibles
 f - a ration


   Skills:
 - Level 1.0 Fighting
 - Level 1.0 Short Blades
 - Level 2.0 Dodging
 - Level 4.0 Stealth
 + Level 2.7 Unarmed Combat
 - Level 4.0 Evocations


You had 3 spell levels left.
You didn't know any spells.
Your spell library was empty.

Dungeon Overview and Level Annotations

Branches:
Dungeon (5/15)
 Temple: D:4-7

Altars:
Dithmenos

Annotations:
D:5 Pikel


Innate Abilities, Weirdness & Mutations

You cannot wear most types of armour.
You are very stealthy in the water. (Stealth+)
You are amphibious.
You can wear up to eight rings at the same time.
You can use your tentacles to constrict eight enemies at once.
Your skin changes colour to match your surroundings (Stealth+).
Your rubbery body absorbs attacks. (AC +1, EV +1)


Message History

Aiming: Enslavement
Press: ? - help, Shift-Dir - straight line, f/p - Pikel
Aim: Pikel, wielding a +0 whip of electrocution and wearing a +2 robe of magic resistance (lightly wounded, chance to defeat MR: 24%)
The slave resists with significant effort.
The slave barely misses you.
Found 16 stones.
The slave misses you.
Your iguana bites the slave but does no damage.
Something completely misses your iguana.
Unknown command.
Unknown command.
Evoke which item? (* to show all) (? for menu, Esc to quit)
Aiming: Enslavement
Press: ? - help, Shift-Dir - straight line, f/p - Pikel
Aim: Pikel, wielding a +0 whip of electrocution and wearing a +2 robe of magic resistance (lightly wounded, chance to defeat MR: 24%) Pikel resists with almost no effort.
The slave hits you!
Pikel hits you with a +0 whip of electrocution!
You are electrocuted!!
Ouch! That really hurt!
You die...

.....#....p#######.
...#..............
...###....p.......
...###.....>...###
...............#
###.##..#..p####
....#..##...p.##
.####.####.....#####
## #. #....lp@..# ..
##...%K.(.# .#
#........# ....
##.......# ####
#.......# ##.######
#.. ##


You could see Pikel, 3 slaves and a friendly iguana.

Vanquished Creatures
  A howler monkey (D:5)
  3 adders
  A worm (D:3)
  A dart slug (D:1)
  2 orcs (D:3)
  6 goblins
  3 hobgoblins
  2 jackals (D:2)
  3 kobolds
  2 quokkas
  2 ball pythons
  A bat (D:2)
  A frilled lizard (D:3)
  A leopard gecko skeleton (D:2)
  5 rats
34 creatures vanquished.

Vanquished Creatures (collateral kills)
  A worker ant (D:5)
  A hobgoblin (D:3)
  A jackal (D:3)
  A kobold (D:2)
  A quokka (D:5)
  A ball python (D:5)
  A rat (D:3)
7 creatures vanquished.

Vanquished Creatures (others)
  An orc (D:3)
  A giant cockroach (D:3)
  2 jackals (D:3)
4 creatures vanquished.

Grand Total: 45 creatures vanquished

Notes
Turn   | Place    | Note
-------+----------+-------------------------------------------
     0 | D:1      | Maedhros the Octopode Artificer began the quest for the
                  | Orb.
     0 | D:1      | Reached XP level 1. HP: 13/13 MP: 3/3
   114 | D:1      | Reached XP level 2. HP: 10/18 MP: 4/4
   207 | D:2      | Found a shadowy altar of Dithmenos.
   330 | D:2      | Reached XP level 3. HP: 13/23 MP: 4/6
   405 | D:2      | You fall into a shaft and drop 1 floor!
   626 | D:3      | HP: 1/23 [goblin/stone (1)]
   719 | D:3      | Reached skill level 1 in Unarmed Combat
   730 | D:3      | Reached XP level 4. HP: 9/28 MP: 7/7
   964 | D:5      | Entered Level 5 of the Dungeon
  1033 | D:5      | Noticed a slave
  1034 | D:5      | Noticed a slave
  1034 | D:5      | Noticed a slave
  1038 | D:5      | Noticed Pikel
  1046 | D:5      | Noticed a slave
  1055 | D:5      | Mangled by Pikel

Levels and vault maps discovered:
D:1:      lightli_arrival_chessboard, layout_loops_ring
D:2:      layout_rooms, grunt_dithmenos_smoke, uniq_robin
D:3:      layout_loops_cross, first_ration, minmay_fractal_squares_5
D:4:      layout_basic, lemuel_coloured_pillars_altar, serial_bayou,
          serial_bayou_shore_b, serial_bayou_crossing, serial_bayou_pond_c,
          serial_bayou_lagoon_a, kennysheep_big_empty_room,
          hangedman_decor_riveting, uniq_natasha
D:5:      layout_rooms, uniq_prince_ribbit1, uniq_pikel

Skill      XL: |  1  2  3  4 |
---------------+-------------+-----
Stealth        | 2 3 4 |  4.0
Evocations     | 4 |  4.0
Unarmed Combat | 1 2 |  2.7
Fighting       | |  1.0
Short Blades   | |  1.0
Dodging        | |  2.0

Action                   |  1- 3 |  4- 6 || total
-------------------------+-------+-------++-------
Melee: Short sword       |    54 |     3 ||    57
       Constrict         |    13 |     2 ||    15
       Tentacles         |     8 |     1 ||     9
       Hunting sling     |       |     2 ||     2
 Fire: Hunting sling     |     9 |    16 ||    25
Evoke: Wand              |    11 |     9 ||    20
  Use: Scroll            |     4 |       ||     4
       Potion            |       |     1 ||     1
 Stab: Sleeping          |     6 |       ||     6
Armor: Skin              |     1 |     3 ||     4
Dodge: Dodged            |    34 |     5 ||    39

Table legend:
 A = Non-vault XP
 B = Vault XP
 C = Vault XP percentage of total XP
 D = Non-vault monster count
 E = Vault monster count
 F = Vault count percentage of total count
                 A         B        C        D         E       F
            +---------+---------+-------+---------+---------+-------
      Total |     149 |       6 |   3.9 |      37 |       4 |   9.8
            +---------+---------+-------+---------+---------+-------
        D:1 |      15 |       0 |   0.0 |       9 |       0 |   0.0
        D:2 |      28 |       0 |   0.0 |      11 |       0 |   0.0
        D:3 |      44 |       6 |  12.0 |      13 |       4 |  23.5
        D:5 |      62 |       0 |   0.0 |       4 |       0 |   0.0
            +---------+---------+-------+---------+---------+-------
